[Event "Titled Tuesday Blitz June 20 Late 2023"]
[White "Taranenko, Evgueniy"]
[Black "Ladron De Guevara Pinto, Paolo"]
[WhiteFideId "14122138"]
[BlackFideId "2290847"]
[WhiteElo "2101"]
[BlackElo "2398"]
[Result "1-0"]
[Round "6"]
[TimeControl "180+2"]
[Date "2023.06.20"]
[WhiteClock "0:00:27"]
[BlackClock "0:00:00"]
[Board "77"]

1. e4 e5 2. Nf3 Nc6 3. Bc4 Nf6 4. Ng5 d5 5. exd5 b5 6. Bf1 Nd4 7. c3 Nxd5 8. cxd4 Qxg5 9. Bxb5+ Kd8 10. O-O Bb7 11. Qf3 Rb8 12. d3 Qg6 13. Qg3 Nf4 14. Bxf4 exf4 15. Qxg6 hxg6 16. Bc4 Bd6 17. Nd2 f5 18. Rfe1 Rh5 19. Re6 Rg5 20. d5 Bc8 21. Nf3 Bxe6 22. Nxg5 Bg8 23. b3 Be7 24. h4 Kd7 25. Re1 Bf6 26. Kf1 Kd6 27. Ke2 Bxd5 28. Bxd5 Kxd5 29. Kf3 Rh8 30. Ne6 Rxh4 31. Nxf4+ Kd4 32. Nxg6 Rh6 33. Nf4 g5 34. Ne6+ Kxd3 35. Nxc7 g4+ 36. Kf4 Bc3 37. Re3+ Kc2 38. Kxf5 Rf6+ 39. Kxg4 Rxf2 40. Kg3 Kb2 41. Kxf2 Bd4 42. Kf3 1-0


[Site "https://www.chess.com"]

[Event "Titled Tuesday Blitz June 20 Late 2023"]
[White "Pinero Rodriguez, Carlos Jose"]
[Black "Hambleton, Aman"]
[WhiteFideId "3901726"]
[BlackFideId "2606577"]
[WhiteElo "2146"]
[BlackElo "2511"]
[Result "1-0"]
[Round "6"]
[TimeControl "180+2"]
[Date "2023.06.20"]
[WhiteClock "0:00:19"]
[BlackClock "0:00:00"]
[Board "78"]

1. b3 e5 2. Bb2 Nc6 3. e3 Nf6 4. c4 d6 5. a3 g6 6. d3 Bg7 7. Qc2 O-O 8. Nd2 Re8 9. Be2 a5 10. h3 d5 11. cxd5 Nxd5 12. Ngf3 Nd4 13. exd4 exd4 14. Kf1 Nf4 15. Re1 Ra6 16. g3 Bxh3+ 17. Rxh3 Nxh3 18. Bd1 Rxe1+ 19. Nxe1 Rc6 20. Qb1 Qf6 21. Ne4 Qf5 22. Bc1 h6 23. Kg2 Ng5 24. Bxg5 hxg5 25. Nf3 g4 26. Nh4 Qd7 27. b4 axb4 28. axb4 f5 29. Bb3+ Kh7 30. Qh1 Bh6 31. Nc5 Qd6 32. Qe1 Qf6 33. Qe8 Bg5 34. Bf7 Bxh4 35. gxh4 g5 36. h5 Kh6 37. Bg6 Qg7 38. Ne6 Rxe6 39. Qxe6 f4 40. Qxg4 Qf6 41. Qf5 Qc6+ 42. Qe4 1-0


[Site "https://www.chess.com"]

[Event "Titled Tuesday Blitz June 20 Late 2023"]
[White "Ghazarian, Kirk"]
[Black "Sreyas Payyappat"]
[WhiteFideId "30908604"]
[BlackFideId "46674969"]
[WhiteElo "2346"]
[BlackElo "2043"]
[Result "0-1"]
[Round "6"]
[TimeControl "180+2"]
[Date "2023.06.20"]
[WhiteClock "0:01:01"]
[BlackClock "0:00:10"]
[Board "79"]

1. d4 Nf6 2. c4 c5 3. d5 e6 4. Nc3 exd5 5. cxd5 d6 6. Nf3 g6 7. Bf4 Bg7 8. e3 O-O 9. h3 Re8 10. Bd3 a6 11. a4 Nbd7 12. O-O Qc7 13. Re1 Rb8 14. Bh2 c4 15. Bf1 b5 16. axb5 axb5 17. Nd4 Qc5 18. Nc6 Rb6 19. Rc1 Bb7 20. b4 cxb3 21. Nxb5 Qxd5 22. Qxd5 Nxd5 23. Nxd6 b2 24. Rb1 Re6 25. Nxb7 Rexc6 26. Na5 Rc2 27. Nc4 Rb4 28. Red1 Rbxc4 29. Rxd5 Rc1 30. Rxb2 Bxb2 31. Rxd7 Ra4 32. g4 Raa1 33. Kg2 Rxf1 34. Bg3 Bf6 35. Rd6 Kg7 36. Rc6 Rfc1 37. Rb6 Rc2 38. Kf3 Raa2 39. Rb8 h5 40. gxh5 gxh5 41. h4 Rc4 42. Rb5 Kg6 43. Rb6 Rac2 44. Ra6 Rc6 45. Ra4 R2c4 46. Ra1 Bxa1 0-1


[Site "https://www.chess.com"]

[Event "Titled Tuesday Blitz June 20 Late 2023"]
[White "ElDivis"]
[Black "Yuan, Qingyu"]
[BlackFideId "8609772"]
[WhiteElo "2536"]
[BlackElo "2359"]
[Result "0-1"]
[Round "6"]
[TimeControl "180+2"]
[Date "2023.06.20"]
[WhiteClock "0:00:00"]
[BlackClock "0:00:08"]
[Board "80"]

1. e4 e5 2. Nf3 Nc6 3. Bc4 Bc5 4. Nc3 Nf6 5. Nd5 d6 6. d3 Nxd5 7. Bxd5 O-O 8. Be3 Bxe3 9. fxe3 Be6 10. Bxe6 fxe6 11. O-O h6 12. Qe1 Qe8 13. Qg3 Qh5 14. Rf2 Rf6 15. Raf1 Raf8 16. a3 Ne7 17. Qh4 Qg6 18. h3 Qe8 19. Nd2 Ng6 20. Qg3 Qe7 21. Rxf6 Rxf6 22. Rxf6 Qxf6 23. Nf3 Nf8 24. d4 exd4 25. exd4 Ng6 26. c3 Nf4 27. Kh2 e5 28. Qg4 Kh7 29. Qd7 Qg6 30. Qf5 Qxf5 31. exf5 e4 32. Ne1 Nd3 33. Nc2 Nxb2 34. g4 Nc4 35. Kg3 d5 36. Kf4 a5 37. a4 c6 38. Na1 b5 39. axb5 cxb5 40. h4 a4 41. g5 hxg5+ 42. hxg5 Kg8 43. g6 Kf8 44. Kg5 e3 45. Nc2 a3 46. f6 e2 47. f7 a2 48. Nb4 e1=Q 0-1


[Site "https://www.chess.com"]

[Event "Titled Tuesday Blitz June 20 Late 2023"]
[White "Bruedigam, Martin"]
[Black "Fernandez Guillen, Ernesto J."]
[WhiteFideId "24608033"]
[BlackFideId "3512428"]
[WhiteElo "2331"]
[BlackElo "2434"]
[Result "0-1"]
[Round "6"]
[TimeControl "180+2"]
[Date "2023.06.20"]
[WhiteClock "0:00:14"]
[BlackClock "0:00:57"]
[Board "81"]

1. d4 Nf6 2. c4 e6 3. Nc3 Bb4 4. Bd2 Bxc3 5. Bxc3 b6 6. e3 Bb7 7. Nf3 O-O 8. Bd3 d6 9. O-O Nbd7 10. Nd2 Re8 11. e4 e5 12. f3 a5 13. Re1 Nh5 14. b3 Qg5 15. Bf1 Re6 16. d5 Rh6 17. Qe2 Nf4 18. Qe3 Qh4 19. h3 Qg3 20. Kh1 Nf6 21. Qg1 N6h5 22. Rad1 Bc8 23. Qh2 Qh4 24. Nb1 Ng3+ 25. Kg1 Rg6 26. Re3 Nxf1 27. Kxf1 Rxg2 0-1


[Site "https://www.chess.com"]

[Event "Titled Tuesday Blitz June 20 Late 2023"]
[White "Novikov, Evgenij"]
[Black "Lamard, Guillaume"]
[WhiteFideId "4125380"]
[BlackFideId "600261"]
[WhiteElo "2242"]
[BlackElo "2413"]
[Result "1-0"]
[Round "6"]
[TimeControl "180+2"]
[Date "2023.06.20"]
[WhiteClock "0:00:03"]
[BlackClock "0:00:00"]
[Board "82"]

1. Nf3 d5 2. c4 c6 3. g3 Nf6 4. Qc2 e6 5. Bg2 dxc4 6. Qxc4 b5 7. Qc2 Bb7 8. O-O Nbd7 9. a4 a6 10. b3 c5 11. Bb2 Be7 12. d3 O-O 13. Nbd2 Qb6 14. Rfc1 Rac8 15. Qb1 Rfd8 16. Nf1 Nd5 17. Ne5 Nxe5 18. Bxe5 f6 19. Bb2 e5 20. Qa2 Nb4 21. Qb1 h5 22. axb5 axb5 23. Bc3 Bxg2 24. Kxg2 h4 25. Bxb4 cxb4 26. Rxc8 Rxc8 27. Ne3 Qe6 28. g4 Bc5 29. h3 Qc6+ 30. Kh2 Bxe3 31. fxe3 Qc5 32. Qg1 Qd5 33. g5 f5 34. g6 e4 35. d4 Rc2 36. Re1 Qd6+ 37. Kh1 Qf6 38. Ra1 Rc8 39. Ra7 f4 40. Qg4 Rc1+ 41. Kh2 Kf8 42. Ra8+ 1-0


[Site "https://www.chess.com"]

[Event "Titled Tuesday Blitz June 20 Late 2023"]
[White "Muradov, Soltan"]
[Black "Adewumi, Tanitoluwa"]
[WhiteFideId "14002108"]
[BlackFideId "30966396"]
[WhiteElo "2163"]
[BlackElo "2665"]
[Result "0-1"]
[Round "6"]
[TimeControl "180+2"]
[Date "2023.06.20"]
[WhiteClock "0:00:00"]
[BlackClock "0:00:04"]
[Board "83"]

1. d4 Nf6 2. c4 e6 3. Nc3 Bb4 4. Bg5 h6 5. Bxf6 Qxf6 6. Nf3 d5 7. e3 O-O 8. cxd5 exd5 9. Be2 c6 10. O-O Bd6 11. a3 Bf5 12. b4 a6 13. Qb3 Nd7 14. Rac1 g5 15. Na4 Rab8 16. Nc5 g4 17. Nd2 Nxc5 18. bxc5 Bc7 19. Bd3 Be6 20. Qc3 h5 21. e4 dxe4 22. Nxe4 Qg7 23. f4 f5 24. Ng5 Bd5 25. g3 Rbe8 26. Bc4 Qd7 27. Rce1 Bd8 28. h4 Bf6 29. Re5 Bxe5 30. fxe5 Bxc4 31. Qxc4+ Qd5 32. Qxd5+ cxd5 33. Rb1 Re7 34. Kf2 f4 35. gxf4 Rxf4+ 36. Ke3 Rf5 37. Rb6 Kg7 38. Ne6+ Kg8 39. Nf4 Ref7 40. Nxd5 Rf3+ 41. Ke4 g3 42. Nf6+ R7xf6 43. exf6 g2 44. f7+ Rxf7 0-1


[Site "https://www.chess.com"]

[Event "Titled Tuesday Blitz June 20 Late 2023"]
[White "Papasimakopoulos, Alexandros"]
[Black "Tifferet, Shaked"]
[WhiteFideId "4244125"]
[BlackFideId "2811529"]
[WhiteElo "2359"]
[BlackElo "2142"]
[Result "1-0"]
[Round "6"]
[TimeControl "180+2"]
[Date "2023.06.20"]
[WhiteClock "0:01:12"]
[BlackClock "0:00:03"]
[Board "84"]

1. d4 b6 2. e4 Bb7 3. Bd3 e6 4. Nf3 c5 5. c3 Nf6 6. Nbd2 cxd4 7. cxd4 Nc6 8. O-O Rc8 9. a3 Be7 10. Qe2 d5 11. e5 Nd7 12. b4 O-O 13. Re1 Re8 14. Nf1 Nf8 15. g3 f5 16. exf6 Bxf6 17. Bb2 Qd6 18. Ne3 e5 19. dxe5 Nxe5 20. Bxe5 Bxe5 21. Nf5 Bxa1 22. Nxd6 Rxe2 23. Bxe2 Bc3 24. Nxc8 Bxe1 25. Nd6 Bxb4 26. axb4 Bc6 27. b5 Bd7 28. Ne5 g5 29. Nc6 Kg7 30. Nxa7 Kf6 31. Ndc8 Bxc8 32. Nxc8 Nd7 33. Bg4 Ne5 34. Be2 Nd7 35. h3 d4 36. Bg4 Ne5 37. Nxb6 d3 38. Kf1 Ke7 39. f4 gxf4 40. gxf4 Ng6 41. Bf3 Kd6 42. Nc4+ Kc5 43. b6 Nh4 44. Be4 d2 45. Ke2 Kxc4 46. b7 Kd4 47. b8=Q Kxe4 48. Qe5# 1-0


[Site "https://www.chess.com"]

[Event "Titled Tuesday Blitz June 20 Late 2023"]
[White "Liu, Casper"]
[Black "Tomiello, Lucas Costamilan"]
[WhiteFideId "1454153"]
[BlackFideId "22701940"]
[WhiteElo "2221"]
[BlackElo "2116"]
[Result "0-1"]
[Round "6"]
[TimeControl "180+2"]
[Date "2023.06.20"]
[WhiteClock "0:00:28"]
[BlackClock "0:00:10"]
[Board "85"]

1. e4 c5 2. d4 cxd4 3. Qxd4 Nc6 4. Qe3 g6 5. Nc3 d6 6. Bd2 Bg7 7. O-O-O Nf6 8. f3 Be6 9. h4 h5 10. Nh3 Ne5 11. Ng5 O-O 12. Nxe6 fxe6 13. Bb5 a6 14. Ba4 Rc8 15. Bb3 Nc4 16. Qd3 b5 17. Ne2 e5 18. g4 hxg4 19. h5 Nxh5 20. fxg4 Nf4 21. Nxf4 exf4 22. Qd5+ Rf7 23. Rdf1 Rc5 24. Qe6 g5 25. Bxf4 gxf4 26. Rxf4 Qf8 27. Rhf1 Bh6 28. Qg6+ Qg7 29. Qe6 Bxf4+ 30. Rxf4 Re5 31. Qc8+ Kh7 32. Rf5 Rfxf5 33. exf5 Re1# 0-1


[Site "https://www.chess.com"]

[Event "Titled Tuesday Blitz June 20 Late 2023"]
[White "Domingo Nunez, Alejandro"]
[Black "Haszon, David"]
[WhiteFideId "22245561"]
[BlackFideId "733610"]
[WhiteElo "2291"]
[BlackElo "2210"]
[Result "0-1"]
[Round "6"]
[TimeControl "180+2"]
[Date "2023.06.20"]
[WhiteClock "0:00:59"]
[BlackClock "0:00:43"]
[Board "86"]

1. Nf3 Nf6 2. g3 g6 3. b3 Bg7 4. Bb2 O-O 5. Bg2 d5 6. c4 c6 7. O-O Na6 8. d3 h6 9. Nbd2 Kh7 10. a3 Nc5 11. b4 Ne6 12. Qb3 a5 13. Rac1 Qb6 14. cxd5 cxd5 15. Bxf6 Bxf6 16. Qxd5 axb4 17. Nc4 Qa7 18. axb4 Ng5 19. Nfe5 Nh3+ 20. Kh1 Nxf2+ 21. Rxf2 Qxf2 22. Rf1 Qxe2 23. Nxf7 Ra2 24. Nce5 Bxe5 0-1


[Site "https://www.chess.com"]

[Event "Titled Tuesday Blitz June 20 Late 2023"]
[White "Garcia Ramos, Daniel"]
[Black "Yeritsyan, Hayk"]
[WhiteFideId "32010311"]
[BlackFideId "13307320"]
[WhiteElo "2341"]
[BlackElo "2458"]
[Result "1-0"]
[Round "6"]
[TimeControl "180+2"]
[Date "2023.06.20"]
[WhiteClock "0:01:10"]
[BlackClock "0:00:10"]
[Board "87"]

1. e4 c6 2. d4 d5 3. Nc3 dxe4 4. Nxe4 Nd7 5. Nf3 Ngf6 6. Ng3 e6 7. Bd3 Bd6 8. O-O O-O 9. Re1 Qc7 10. c4 c5 11. Qc2 cxd4 12. Nxd4 a6 13. b3 Ne5 14. Bf1 b6 15. Bb2 Bb7 16. Rad1 Rfd8 17. Qb1 Ng6 18. Qa1 Be7 19. Be2 Nh4 20. Bf1 Rd7 21. Nc2 Rad8 22. Ne3 Qc6 23. Rxd7 Rxd7 24. Rd1 h6 25. Rxd7 Qxd7 26. Qd1 Ng6 27. Qxd7 Nxd7 28. Bd3 f5 29. Ne2 Bf6 30. Bxf6 Nxf6 31. Nd4 Kf7 32. Kf1 Ke7 33. f3 Nf4 34. Bc2 g5 35. g3 Ng6 36. Ke2 Ne5 37. Nf1 Kd6 38. Nd2 h5 39. Ke3 Ng6 40. Ne2 Bc6 41. Nc3 Ne5 42. b4 Ng6 43. b5 axb5 44. cxb5 Bb7 45. Kd4 e5+ 46. Kc4 Ne7 47. a4 f4 48. gxf4 exf4 49. Nde4+ Nxe4 50. Bxe4 Bxe4 51. Nxe4+ Ke5 52. Nxg5 Nf5 53. Kb4 Nd6 54. a5 bxa5+ 55. Kxa5 Kd4 56. b6 Nc4+ 57. Kb5 Nxb6 58. Kxb6 Ke3 59. Kc5 Kf2 60. Kd4 Kg2 61. Ke4 Kxh2 62. Kxf4 h4 63. Kg4 h3 64. f4 Kg2 65. Nxh3 Kh2 66. f5 Kg2 67. f6 Kh2 68. f7 Kg2 69. f8=Q Kh2 70. Qf2+ Kh1 71. Qg1# 1-0


[Site "https://www.chess.com"]

[Event "Titled Tuesday Blitz June 20 Late 2023"]
[White "Subelj, Jan"]
[Black "Rangel, Daniel"]
[WhiteFideId "14618583"]
[BlackFideId "2124475"]
[WhiteElo "2499"]
[BlackElo "2231"]
[Result "1-0"]
[Round "6"]
[TimeControl "180+2"]
[Date "2023.06.20"]
[WhiteClock "0:01:38"]
[BlackClock "0:00:54"]
[Board "88"]

1. Nc3 Nf6 2. Nf3 c5 3. d4 cxd4 4. Nxd4 Nc6 5. e4 g6 6. Nxc6 bxc6 7. e5 Ng8 8. Bc4 Bg7 9. Bf4 Nh6 10. O-O Nf5 11. Ne4 h5 12. Ng5 O-O 13. g4 hxg4 14. Qxg4 d5 15. exd6 exd6 16. Rad1 d5 17. Bd3 Re8 18. c3 Ne3 19. Qh4 Nxd1 20. Qh7+ Kf8 21. Nxf7 Kxf7 22. Bxg6+ Kf8 23. Bxe8 Qxe8 24. Bd6+ Kf7 25. Qh5+ Ke6 26. Qxe8+ Kxd6 27. Rxd1 Be5 28. Re1 Bf6 29. Qf8+ 1-0


[Site "https://www.chess.com"]

[Event "Titled Tuesday Blitz June 20 Late 2023"]
[White "Buchenau, Frank"]
[Black "Principe, Gerson"]
[WhiteFideId "4604350"]
[BlackFideId "3804550"]
[WhiteElo "2157"]
[BlackElo "2229"]
[Result "1/2-1/2"]
[Round "6"]
[TimeControl "180+2"]
[Date "2023.06.20"]
[WhiteClock "0:00:13"]
[BlackClock "0:00:10"]
[Board "89"]

1. e4 c5 2. Nf3 e6 3. d4 cxd4 4. Nxd4 Bc5 5. Nb3 Bb6 6. Bd3 Ne7 7. O-O Nbc6 8. Qe2 d5 9. e5 Nb4 10. Be3 Nxd3 11. Bxb6 Qxb6 12. cxd3 O-O 13. Nc3 Bd7 14. Qe3 Qxe3 15. fxe3 Rfc8 16. Rac1 Rc7 17. Nd4 a6 18. Nce2 Rac8 19. Rxc7 Rxc7 20. Rc1 Rxc1+ 21. Nxc1 Ng6 22. Nf3 f6 23. d4 Kf7 24. Nd3 b6 25. Kf2 a5 26. Nf4 Ne7 27. Ke1 Bb5 28. Kd2 Nc6 29. Kc3 Ne7 30. g4 Bf1 31. h4 h6 32. exf6 gxf6 33. g5 hxg5 34. hxg5 Bb5 35. b3 Nf5 36. Kd2 Ng3 37. gxf6 Kxf6 38. Ne5 Nf5 39. Nh5+ Ke7 40. Nf4 Ng3 41. Nfg6+ Kd6 42. Nf4 Ne4+ 43. Kc2 Ng3 44. a4 Be8 45. Kc3 Ne4+ 46. Kd3 b5 47. axb5 Bxb5+ 48. Kc2 Nf2 49. Kc3 Ne4+ 50. Kc2 Nf2 51. Kc3 Ne4+ 52. Kc2 1/2-1/2


[Site "https://www.chess.com"]

[Event "Titled Tuesday Blitz June 20 Late 2023"]
[White "Rostomyan, Mikayel"]
[Black "Wang, Isaac"]
[WhiteFideId "13313754"]
[BlackFideId "30977185"]
[WhiteElo "2061"]
[BlackElo "2398"]
[Result "0-1"]
[Round "6"]
[TimeControl "180+2"]
[Date "2023.06.20"]
[WhiteClock "0:00:13"]
[BlackClock "0:01:27"]
[Board "90"]

1. e4 c5 2. b4 cxb4 3. Nf3 d5 4. exd5 Qxd5 5. c4 Qd8 6. d4 e6 7. Bd3 Nf6 8. O-O Be7 9. a3 bxa3 10. Nxa3 O-O 11. Bb2 Nc6 12. Re1 b6 13. d5 exd5 14. cxd5 Nxd5 15. Bxh7+ Kxh7 16. Qc2+ Kg8 17. Qxc6 Be6 18. Rxe6 Rc8 19. Qa4 fxe6 20. Qg4 Bf6 21. Qxe6+ Rf7 22. Bxf6 gxf6 23. Qg4+ Rg7 24. Qe6+ Kf8 25. Rd1 Qd7 26. Qe4 Nc3 27. Qb4+ Qe7 28. Rd6 Ne4 0-1


[Site "https://www.chess.com"]

[Event "Titled Tuesday Blitz June 20 Late 2023"]
[White "MKlose11"]
[Black "julioramirezosio"]
[WhiteElo "2587"]
[BlackElo "2394"]
[Result "0-1"]
[Round "6"]
[TimeControl "180+2"]
[Date "2023.06.20"]
[WhiteClock "0:00:16"]
[BlackClock "0:00:47"]
[Board "91"]

1. e4 e5 2. Nf3 Nc6 3. d4 exd4 4. Bc4 Nf6 5. O-O Nxe4 6. Re1 d5 7. Bxd5 Qxd5 8. Nc3 Qh5 9. Nxe4 Be6 10. Bg5 Bd6 11. Nxd6+ cxd6 12. Bf4 Qd5 13. c3 Qf5 14. Bg3 O-O 15. Nxd4 Nxd4 16. Qxd4 d5 17. Re3 Rfc8 18. b3 a5 19. Rae1 a4 20. Be5 axb3 21. axb3 f6 22. Bd6 Bf7 23. h3 Re8 24. Qb6 Qd7 25. Bc5 Qc6 26. Qb4 Rxe3 27. Rxe3 Re8 28. Rg3 Re4 29. Bd4 h5 30. Qa5 h4 31. Rf3 Re1+ 32. Kh2 Qd6+ 33. g3 Bg6 34. Qa8+ Kh7 35. Qxb7 Be4 36. Bxf6 Qxf6 0-1


[Site "https://www.chess.com"]

[Event "Titled Tuesday Blitz June 20 Late 2023"]
[White "Avalos Parra, Joao"]
[Black "Maiti, Milind"]
[WhiteFideId "3402541"]
[BlackFideId "2090767"]
[WhiteElo "2173"]
[BlackElo "2150"]
[Result "0-1"]
[Round "6"]
[TimeControl "180+2"]
[Date "2023.06.20"]
[WhiteClock "0:00:43"]
[BlackClock "0:00:41"]
[Board "92"]

1. d4 Nf6 2. c4 e6 3. Nf3 d5 4. Nc3 Bb4 5. cxd5 exd5 6. Qb3 Be7 7. Bg5 c6 8. e3 O-O 9. Bd3 Re8 10. O-O Nbd7 11. Qc2 Nf8 12. Rab1 a5 13. a3 Ng6 14. b4 axb4 15. axb4 Bd7 16. b5 Ra3 17. bxc6 bxc6 18. Na4 Qa5 19. Bxf6 Bxf6 20. Nc5 Bg4 21. Nd2 Rc3 22. Ra1 Rxc2 23. Rxa5 Rxd2 24. Rb1 h6 25. h3 Be2 26. Bf5 Ne7 27. Bd7 Rd8 28. Rb7 Bb5 29. Raa7 Rd1+ 30. Kh2 Rf1 31. Kg3 h5 32. h4 Ng6 33. Bh3 Bxh4+ 34. Kh2 Rxf2 35. Nd7 Re8 0-1


[Site "https://www.chess.com"]

[Event "Titled Tuesday Blitz June 20 Late 2023"]
[White "Leenhouts, Koen"]
[Black "Buscar, Michael"]
[WhiteFideId "1008439"]
[BlackFideId "2603616"]
[WhiteElo "2409"]
[BlackElo "2010"]
[Result "1/2-1/2"]
[Round "6"]
[TimeControl "180+2"]
[Date "2023.06.20"]
[WhiteClock "0:00:07"]
[BlackClock "0:00:07"]
[Board "93"]

1. e4 c5 2. Nf3 Nc6 3. d4 cxd4 4. Nxd4 Nf6 5. Nc3 e5 6. Ndb5 h6 7. Nd5 Nxd5 8. exd5 a6 9. Nc3 Nd4 10. Be3 Nf5 11. Bd3 Nxe3 12. fxe3 d6 13. O-O Qg5 14. Qf3 f6 15. Ne4 Qg4 16. Qf2 Be7 17. h3 Qh5 18. Ng3 Qf7 19. c4 O-O 20. Nf5 Bd7 21. Qg3 Kh8 22. Nxe7 Qxe7 23. Qg6 e4 24. Bxe4 f5 25. Bxf5 Qxe3+ 26. Kh1 Bxf5 27. Rxf5 Rxf5 28. Qxf5 Re8 29. Qc2 Rf8 30. Qc1 Qe2 31. Qc3 Rf2 32. Re1 Rf1+ 33. Rxf1 Qxf1+ 34. Kh2 Qf4+ 35. Kg1 Qe4 36. a3 Qe2 37. b4 b6 38. Qd4 Qe1+ 39. Kh2 a5 40. Qxb6 Qe5+ 41. Kh1 Qa1+ 42. Qg1 Qxa3 43. bxa5 Qxa5 44. Qd4 Qe1+ 45. Kh2 Qc1 46. Qe4 Kg8 47. Qe6+ Kh7 48. Qxd6 Qxc4 49. Qe5 Qb5 50. Qe4+ Kg8 51. d6 Qd7 52. Qd5+ Kf8 53. Qa8+ Kf7 54. Qd5+ Kf6 55. Qd4+ Ke6 56. Kg3 Qxd6+ 57. Qxd6+ Kxd6 58. Kg4 Ke6 59. Kh5 Kf5 60. g4+ Kf6 61. h4 Kf7 62. g5 hxg5 63. Kxg5 g6 64. Kg4 Kg7 65. Kf4 Kf6 66. Kg4 Kg7 67. Kg5 Kh7 68. h5 gxh5 69. Kxh5 1/2-1/2


[Site "https://www.chess.com"]

[Event "Titled Tuesday Blitz June 20 Late 2023"]
[White "Vila Dupla, Aurelio"]
[Black "WindWhistler11"]
[WhiteFideId "2203383"]
[WhiteElo "2009"]
[BlackElo "2551"]
[Result "0-1"]
[Round "6"]
[TimeControl "180+2"]
[Date "2023.06.20"]
[WhiteClock "0:00:00"]
[BlackClock "0:00:11"]
[Board "94"]

1. Nf3 Nf6 2. d4 d6 3. g3 Nbd7 4. c4 e5 5. Nc3 Be7 6. Bg2 O-O 7. O-O Re8 8. e4 c6 9. h3 Qc7 10. Re1 a5 11. b3 Bf8 12. Bb2 h6 13. Rc1 b6 14. a3 g6 15. b4 axb4 16. axb4 exd4 17. Nxd4 Bb7 18. b5 c5 19. Nd5 Bxd5 20. cxd5 Ra5 21. Qb3 h5 22. Nc6 Raa8 23. f4 Bh6 24. Rcd1 h4 25. e5 Nh5 26. exd6 Qxd6 27. Be5 Qf8 28. g4 Nxf4 29. Bxf4 Bxf4 30. Rf1 Re3 31. Qc4 Bd6 32. Rde1 Rae8 33. Rxe3 Rxe3 34. g5 Qe8 35. Qxh4 Re2 36. Qg4 c4 37. h4 Ne5 38. Nxe5 Qxe5 39. Qh3 Re3 40. Qh1 Re1 0-1


[Site "https://www.chess.com"]

[Event "Titled Tuesday Blitz June 20 Late 2023"]
[White "Blackburn, Jonathan L B"]
[Black "Xu, Yi"]
[WhiteFideId "1801090"]
[BlackFideId "8605564"]
[WhiteElo "2178"]
[BlackElo "2460"]
[Result "0-1"]
[Round "6"]
[TimeControl "180+2"]
[Date "2023.06.20"]
[WhiteClock "0:00:00"]
[BlackClock "0:00:46"]
[Board "95"]

1. d4 Nf6 2. c4 e6 3. Nf3 d5 4. Nc3 c5 5. cxd5 cxd4 6. Qxd4 exd5 7. Bg5 Be7 8. e3 O-O 9. Be2 h6 10. Bh4 Nc6 11. Qd1 Be6 12. O-O Qb6 13. a3 Rfd8 14. b4 Rac8 15. Na4 Qc7 16. Rc1 a6 17. Nd4 Ne4 18. Nxe6 fxe6 19. Bxe7 Qxe7 20. Bf3 Nd6 21. Nc5 Nc4 22. Rc3 N6e5 23. Be2 Qf6 24. Qd4 Qg6 25. Nxb7 Rf8 26. f4 Nc6 27. Qd3 Qf6 28. Nc5 a5 29. b5 Ne7 30. Nd7 Qf7 31. Nxf8 Rxf8 32. Qc2 Nb6 0-1


[Site "https://www.chess.com"]

[Event "Titled Tuesday Blitz June 20 Late 2023"]
[White "Goltsev, Dmitry"]
[Black "Ai, Evan"]
[WhiteFideId "24176710"]
[BlackFideId "2094770"]
[WhiteElo "2356"]
[BlackElo "1963"]
[Result "1-0"]
[Round "6"]
[TimeControl "180+2"]
[Date "2023.06.20"]
[WhiteClock "0:00:46"]
[BlackClock "0:00:48"]
[Board "96"]

1. e4 e5 2. Nf3 Nc6 3. Bb5 a6 4. Ba4 Nf6 5. O-O Be7 6. Re1 b5 7. Bb3 O-O 8. c3 d5 9. d4 Nxe4 10. Nxe5 Nxe5 11. dxe5 Bc5 12. Be3 Bb7 13. Bxc5 Nxc5 14. Nd2 Nd3 15. Re3 Nxb2 16. Qh5 Nc4 17. Rh3 h6 18. Rg3 Kh8 19. Nf3 Qd7 20. Bc2 Rae8 21. Re1 Qe7 22. Rg6 fxg6 23. Qxg6 Kg8 24. e6 Qxe6 25. Rxe6 Rxe6 26. Qxe6+ Kh8 27. Nh4 1-0


[Site "https://www.chess.com"]

[Event "Titled Tuesday Blitz June 20 Late 2023"]
[White "Veiga, Jose Francisco R P Neves"]
[Black "Fiedorek, Michal"]
[WhiteFideId "1930087"]
[BlackFideId "1199528"]
[WhiteElo "2319"]
[BlackElo "2135"]
[Result "0-1"]
[Round "6"]
[TimeControl "180+2"]
[Date "2023.06.20"]
[WhiteClock "0:00:05"]
[BlackClock "0:00:12"]
[Board "97"]

1. e4 c6 2. Nf3 d5 3. Nc3 dxe4 4. Nxe4 Nf6 5. Qe2 Nxe4 6. Qxe4 Be6 7. Ne5 Qd5 8. Qe3 Nd7 9. Nxd7 Qxd7 10. Be2 g6 11. Qc3 f6 12. d4 Bg7 13. Be3 O-O 14. O-O Bd5 15. Rfe1 e5 16. dxe5 fxe5 17. Rad1 Qf7 18. Qb4 a5 19. Qc5 Rfe8 20. c4 Bf8 21. Qb6 Bxc4 22. Bxc4 Qxc4 23. Qxb7 Qxa2 24. Qxc6 Rac8 25. Qa6 Bb4 26. Re2 Qb3 27. Rf1 Qc4 28. Qxc4+ Rxc4 29. Rd1 Rec8 30. Bg5 Rc2 31. Rxe5 Rxb2 32. Be3 a4 33. h4 a3 34. Bd4 Rbc2 35. Rb5 Bd6 36. g3 a2 37. Rd5 Bf8 38. Ra5 Bg7 39. Bxg7 Kxg7 40. Rd7+ Kg8 41. Kg2 Rf8 42. Raa7 Rfxf2+ 43. Kh3 Rh2+ 44. Kg4 Rc4+ 45. Kg5 Rc5+ 46. Kf6 Rf5+ 47. Ke6 Re2+ 48. Kd6 Rd2+ 49. Ke7 Re5+ 50. Kf6 Rxd7 51. Rxd7 Rf5+ 52. Ke6 a1=Q 53. Rd8+ Kg7 54. Rd7+ Kh6 55. g4 Qe1+ 56. Kd6 Qe5+ 57. Kc6 Rf6+ 58. Kb7 Qe4+ 59. Kc8 Rf8+ 60. Kc7 Qe5+ 61. Kb7 Qe4+ 62. Kc7 Qxg4 63. Rd6 Qf4 64. Kb7 Rf7+ 65. Kc6 Rf6 66. Kd7 Rxd6+ 67. Ke7 Rf6 68. h5 Qe5+ 69. Kd8 Rd6+ 70. Kc7 Qc5+ 71. Kb7 Rb6+ 72. Ka7 Qa5# 0-1


[Site "https://www.chess.com"]

[Event "Titled Tuesday Blitz June 20 Late 2023"]
[White "KorolDimitriy75"]
[Black "Martins, Bruno Andre Leite"]
[BlackFideId "1942255"]
[WhiteElo "2419"]
[BlackElo "2241"]
[Result "0-1"]
[Round "6"]
[TimeControl "180+2"]
[Date "2023.06.20"]
[WhiteClock "0:00:00"]
[BlackClock "0:00:44"]
[Board "98"]

1. d4 f5 2. c4 g6 3. Nf3 Bg7 4. g3 Nf6 5. Bg2 O-O 6. O-O d6 7. Nc3 c6 8. b3 e5 9. dxe5 dxe5 10. Ba3 Qxd1 11. Raxd1 Re8 12. e3 Nbd7 13. Rd2 e4 14. Nd4 Ne5 15. Rfd1 Bd7 16. h4 Nfg4 17. Nce2 h6 18. Nc2 Be6 19. Nf4 Bf7 20. Nd4 Bf6 21. Nc2 g5 22. hxg5 hxg5 23. Ne2 Kg7 24. Ned4 Kg6 25. Ne1 Rad8 26. Ne2 Rxd2 27. Rxd2 Be6 28. Nd4 Bc8 29. Nec2 Nd3 30. Kf1 Nge5 31. Ne1 a5 0-1


[Site "https://www.chess.com"]

[Event "Titled Tuesday Blitz June 20 Late 2023"]
[White "Ionescu, Mihai"]
[Black "Domingo Nunez, Ruben"]
[WhiteFideId "1202499"]
[BlackFideId "22245570"]
[WhiteElo "2279"]
[BlackElo "2404"]
[Result "0-1"]
[Round "6"]
[TimeControl "180+2"]
[Date "2023.06.20"]
[WhiteClock "0:00:11"]
[BlackClock "0:00:14"]
[Board "99"]

1. Nf3 b5 2. e4 Bb7 3. Bxb5 Bxe4 4. O-O Nf6 5. d4 e6 6. c4 a6 7. Ba4 c5 8. Nc3 Bb7 9. d5 Qb6 10. b3 Be7 11. Bf4 O-O 12. Qd2 exd5 13. cxd5 Bd6 14. Bg5 Bc7 15. Rad1 Qd6 16. Rfe1 Ba5 17. Bxf6 Qxf6 18. Ne4 Qb6 19. Nc3 Qb4 20. Re3 c4 21. Ne5 cxb3 22. Bxb3 d6 23. Nc4 Nd7 24. Rg3 Nc5 25. Qg5 g6 26. Nxd6 Nxb3 27. Nxb7 Qxb7 28. axb3 Qxb3 29. Rdd3 Bxc3 30. h4 Qb1+ 31. Kh2 Bg7 32. h5 Rad8 33. h6 Bh8 34. d6 Qb5 35. Qe3 Qh5+ 36. Rh3 Qf5 37. Rf3 Qe5+ 38. Qxe5 Bxe5+ 39. g3 Rxd6 40. Rde3 Bd4 41. Re4 Bc5 42. Rc4 Bb6 43. Rb3 Bxf2 44. Kg2 Be1 45. Rb1 Bd2 46. Rd1 Bf4 47. Rdc1 Bxc1 0-1


[Site "https://www.chess.com"]